 Dungeon Crawl Stone Soup version 0.25-a0-1119-g28b6fd0c3b (webtiles) character file.

Game seed: 6324412948411907320, levelgen mode: deterministic

3313 kae the Frost Mage (level 10, -4/63 HPs)
             Began as a Merfolk Ice Elementalist on May 18, 2020.
             Was an Initiate of Makhleb.
             Slain by a two-headed ogre
             ... wielding a +0 giant club
              (18 damage)
             ... on level 8 of the Dungeon.
             The game lasted 00:11:36 (11638 turns).

kae the Frost Mage (Merfolk Ice Elementalist)      Turns: 11638, Time: 00:11:36

Health: -4/63      AC:  5    Str: 15    XL:     10   Next: 1%
Magic:  0/19       EV: 13    Int: 15    God:    Makhleb [......]
Gold:   554        SH:  0    Dex: 15    Spells: 14/21 levels left

rFire    . . .     SeeInvis .   E - +4 spear (flame)
rCold    + . .     Gourm    .   (no shield)
rNeg     + . .     Faith    .   a - +1 robe
rPois    .         Spirit   +   k - +0 helmet
rElec    .         Reflect  .   (no cloak)
rCorr    .         Harm     .   (no gloves)
MR       .....                  y - +0 pair of boots
Stlth    ++........             B - amulet of the Tempest {Spirit Str+4 Slay+3}
HPRegen  0.20/turn              b - ring of protection from cold
MPRegen  0.16/turn              g - ring of positive energy

@: frozen ramparts
A: change form in water, swift swim, stealthy swim
a: Renounce Religion


You were on level 8 of the Dungeon.
You worshipped Makhleb.
Makhleb was noncommittal.
You were not hungry.

You visited 2 branches of the dungeon, and saw 9 of its levels.
You also visited: Ossuary.

You collected 554 gold pieces.

Inventory:

Hand Weapons
 d - a +1 spear
 h - a +2 trident
 E - a +4 spear of flaming (weapon)
Armour
 a - a +1 robe (worn)
 k - a +0 helmet (worn)
 y - a +0 pair of boots (worn)
Jewellery
 b - a ring of protection from cold (left hand)
 g - a ring of positive energy (right hand)
 s - an uncursed ring of ice
 A - an uncursed amulet of magic regeneration
 B - the amulet of the Tempest (around neck) {Spirit Str+4 Slay+3}
   (You acquired it on level 6 of the Dungeon)

   [amulet of guardian spirit]

   It causes incoming damage to be split between your health and magic.
   It affects your strength (+4).
   It affects your accuracy and damage with ranged weapons and melee attacks
   (+3).
 D - an uncursed ring of magical power
 G - an uncursed ring of poison resistance {unknown}
Wands
 o - a wand of random effects (57)
 v - a wand of disintegration (8)
Scrolls
 i - 2 scrolls of immolation
 j - 3 scrolls of enchant weapon
 l - 2 scrolls of fog
 t - 2 scrolls of noise
 u - 3 scrolls of remove curse
 w - 3 scrolls of enchant armour
Potions
 e - 4 potions of flight
 f - 2 potions of berserk rage {unknown}
 m - 2 potions of stabbing
 n - 4 potions of degeneration
 p - 4 potions of brilliance
 q - a potion of haste
 r - a potion of lignification
 x - a potion of might
 z - a potion of mutation
 C - 2 potions of resistance {unknown}
Comestibles
 c - 7 rations
 F - 3 chunks of flesh


   Skills:
 + Level 0.0 Fighting
 + Level 8.8 Polearms
 - Level 2.6 Dodging
 - Level 2.1 Stealth
 - Level 5.9 Unarmed Combat
 - Level 6.0 Spellcasting
 - Level 10.7 Ice Magic


You had 14 spell levels left.
You knew the following spells:

 Your Spells              Type           Power        Failure   Level  Hunger
a - Freeze                Ice            ####         1%          1    None
b - Frozen Ramparts       Ice            #####.       1%          3    ##.....
c - Ozocubu's Armour      Chrm/Ice       ###.....     4%          3    ##.....

Your spell library contained the following spells:

 Spells                   Type           Power        Failure   Level  Hunger
 Hailstorm                Conj/Ice       ###.....     16%         4    ####...
 Summon Ice Beast         Ice/Summ       ###.....     16%         4    ####...
 Bolt of Magma            Conj/Fire/Erth #.........   99%         5    ######.
 Iskenderun's Battlesphe  Conj/Chrm      #.......     99%         5    ######.
 Iron Shot                Conj/Erth      #.........   100%        6    #######
 Orb of Destruction       Conj           #.........   100%        7    #######
 Spellforged Servitor     Conj/Summ      #.........   100%        7    #######


Dungeon Overview and Level Annotations

Branches:
Dungeon (8/15)             Temple (1/1) D:7         Ossuary (visited)
   Lair: D:8-11

Altars:
Ashenzari
Cheibriados
Dithmenos
Gozag
Kikubaaqudgha
Makhleb
Nemelex Xobeh
Okawaru
Qazlal
Sif Muna
Trog
Uskayaw
Vehumet
Wu Jian
Yredelemnul
Zin

Shops:
D:5 =

Annotations:
D:3 1 runed translucent door, Crazy Yiuf
D:5 exclusion: ice beast


Message History

Aiming: Freeze (safe; 1% risk of failure)
Press: ? - help, Shift-Dir - straight line, f - two-headed ogre
Aim: a two-headed ogre, wielding two +0 giant clubs (moderately wounded)
You freeze the two-headed ogre.
The two-headed ogre is moderately wounded.
The wall freezes the two-headed ogre!
The two-headed ogre hits you with a +0 giant club.
* * * LOW HITPOINT WARNING * * *
The two-headed ogre misses you.
The wall freezes the steam dragon.
Casting: Freeze (safe; 1% risk of failure)
Confirm with . or Enter, or press ? or * to list all spells.
Aiming: Freeze (safe; 1% risk of failure)
Press: ? - help, Shift-Dir - straight line, f/p - two-headed ogre
Aim: a two-headed ogre, wielding two +0 giant clubs (moderately wounded)
You freeze the two-headed ogre!
The two-headed ogre is heavily wounded.
The wall freezes the centaur.
The wall freezes the steam dragon.
The wall freezes the two-headed ogre.
The two-headed ogre barely misses you.
The two-headed ogre hits you with a +0 giant club!!
You die...

......... #..........#
......... #...........
........####......<..##
.......#..............
#..............)....
#......##...........
#.#cD.###.........#
#O#####....#....## #@.#
#....##...).. #....#
#.##.........
#....##..#....###'##
#........##...#.....
......... ##[.##.###
##....................#....$
#..........##.........##.###
...........#....[.....#..+
#.....................#.%#


You could see a two-headed ogre, a steam dragon and a centaur.

Vanquished Creatures
  Maggie (D:6)
  2 hippogriffs (D:7)
  A human (D:8)
  An orc warrior (D:7)
  A phantom (D:4)
  An ice beast (D:6)
  5 ogres
  A centaur (D:6)
  2 elf zombies (Ossuary)
  3 bullfrogs
  A gnoll sergeant (D:6)
  A scorpion (D:6)
  4 killer bees (D:7)
  A howler monkey (D:6)
  A crimson imp (D:7)
  A bullfrog zombie (D:8)
  3 orc priests (D:7)
  A centaur zombie (D:6)
  4 hounds
  A jelly (D:7)
  7 orc wizards
  Natasha (thrice) (D:3)
  An iguana (D:4)
  5 worker ants
  A killer bee zombie (D:5)
  A hound zombie (Ossuary)
  4 mummies (Ossuary)
  Robin (D:2)
  3 gnolls (D:6)
  15 adders
  A shadow imp (D:5)
  2 oozes
  2 adder zombies
  2 worms (D:2)
  9 leopard geckos
  7 orcs
  2 ball pythons
  9 bats
  9 giant cockroaches
  A gnoll zombie (Ossuary)
  16 goblins
  9 hobgoblins
  3 quokkas
  5 frilled lizards
  3 hobgoblin zombies (Ossuary)
  A jackal skeleton (D:5)
  2 jackal zombies (Ossuary)
  6 kobolds
  A kobold zombie (Ossuary)
  A leopard gecko skeleton (D:5)
  A quokka skeleton (D:8)
  A quokka zombie (D:8)
  6 rats
  A rat zombie (Ossuary)
177 creatures vanquished.

Notes
Turn   | Place    | Note
-------+----------+-------------------------------------------
     0 | D:1      | kae the Merfolk Ice Elementalist began the quest for the
                  | Orb.
     0 | D:1      | Reached XP level 1. HP: 13/13 MP: 3/3
   232 | D:1      | Reached XP level 2. HP: 19/19 MP: 0/5
   491 | D:1      | Reached skill level 1 in Polearms
   623 | D:2      | Reached skill level 1 in Unarmed Combat
   623 | D:2      | Reached XP level 3. HP: 24/24 MP: 4/6
   704 | D:2      | Reached skill level 5 in Ice Magic
   704 | D:2      | Reached XP level 4. HP: 29/30 MP: 3/7
   909 | D:2      | Reached XP level 5. HP: 30/35 MP: 3/9
  1665 | D:2      | Noticed Robin
  1917 | D:2      | Learned a level 3 spell: Frozen Ramparts
  2367 | D:2      | Reached skill level 6 in Ice Magic
  2367 | D:2      | Reached XP level 6. HP: 36/41 MP: 4/10
  3378 | D:2      | Killed Robin
  4006 | D:3      | Noticed a +0 hand axe
  4006 | D:3      | Noticed a +0 dagger
  4007 | D:3      | Found a hide-covered altar of Uskayaw.
  4163 | D:3      | Found a runed translucent door.
  4164 | D:3      | Noticed Crazy Yiuf
  4494 | D:3      | Noticed Natasha
  4506 | D:3      | Killed Natasha
  4866 | D:3      | Noticed Natasha
  4871 | D:3      | Killed Natasha
  5022 | D:3      | Noticed Natasha
  5033 | D:3      | Killed Natasha
  5327 | D:3      | Found a hide-covered altar of Uskayaw.
  5664 | D:4      | Noticed a phantom
  5788 | D:4      | Found a sand-covered staircase.
  5825 | Ossuary  | Entered an ossuary
  6113 | Ossuary  | Reached XP level 7. HP: 17/46 MP: 6/12
  6225 | Ossuary  | Reached skill level 7 in Ice Magic
  7180 | D:4      | Found a shimmering blue altar of Sif Muna.
  7369 | D:4      | Reached skill level 5 in Polearms
  7643 | D:5      | Entered Level 5 of the Dungeon
  7707 | D:5      | Learned a level 3 spell: Ozocubu's Armour
  7824 | D:5      | Reached XP level 8. HP: 52/52 MP: 12/14
  8485 | D:5      | Found a basalt altar of Yredelemnul.
  8542 | D:5      | Found Osagoq's Jewellery Shoppe.
  8728 | D:6      | Reached skill level 8 in Ice Magic
  9223 | D:6      | Noticed Maggie
  9235 | D:6      | Killed Maggie
  9235 | D:6      | Reached skill level 5 in Unarmed Combat
  9235 | D:6      | Reached skill level 9 in Ice Magic
  9235 | D:6      | Reached XP level 9. HP: 17/57 MP: 3/16
  9241 | D:6      | Identified a scroll of acquirement
  9499 | D:6      | Reached skill level 5 in Spellcasting
  9523 | D:6      | Got the amulet of the Tempest {Spirit Str+4 Slay+3}
 10428 | D:7      | Reached skill level 10 in Ice Magic
 10651 | D:7      | Found a staircase to the Ecumenical Temple.
 10666 | Temple   | Entered the Ecumenical Temple
 11011 | Temple   | Became a worshipper of Makhleb the Destroyer
 11569 | D:8      | Reached XP level 10. HP: 62/63 MP: 15/19
 11613 | D:8      | Found a sparkling altar of Nemelex Xobeh.
 11616 | D:8      | Noticed a two-headed ogre
 11638 | D:8      | Slain by a two-headed ogre

Illustrated notes

Levels and vault maps discovered:
D:1:      wander_arrival_estate, layout_rooms
D:2:      layout_loops_corners, uniq_robin
D:3:      layout_basic, dancing_weapons_uskayaw, minmay_misc_feat_room,
          uniq_crazy_yiuf_cottage, uniq_natasha
D:4:      layout_cave_pools, lemuel_doored_altar, nicolae_ossuary_entry_plus,
          first_ration, minmay_circle_x
D:5:      layout_cave_pods, serial_shops, kennysheep_mini_moat,
          yredelemnul_altar_generic
D:6:      layout_basic, minmay_misc_feat_diagonals, kennysheep_cluttered_room,
          uniq_maggie
D:7:      layout_loops_ring, temple_pool_b
D:8:      layout_cave_pools, nemelex_xobeh_ov_fountains_minmay,
          gammafunk_ghost_necromancy, grunt_pizzeria, kennysheep_generic_room_8
Temple:   minmay_temple_forest_path

Skill      XL: |  1  2  3  4  5  6  7  8  9 |
---------------+----------------------------+-----
Polearms       | 1 2 3 4 5 6 8 |  8.8
Unarmed Combat | 1 2 3 5 |  5.9
Ice Magic      | 5 6 7 9 10 | 10.7
Spellcasting   | 3 4 6 |  6.0
Dodging        | |  2.6
Stealth        | |  2.1

Action                   |  1- 3 |  4- 6 |  7- 9 | 10-12 || total
-------------------------+-------+-------+-------+-------++-------
Melee: Spear             |     9 |    97 |    63 |       ||   169
       Trident           |       |    86 |   124 |       ||   210
       Punch             |       |       |     1 |       ||     1
 Cast: Freeze            |    26 |    73 |    63 |     2 ||   164
       Frozen Ramparts   |       |     8 |    20 |     1 ||    29
       Ozocubu's Armour  |       |       |     8 |       ||     8
  Use: Scroll            |     2 |     8 |    12 |       ||    22
       Potion            |     1 |     1 |     1 |       ||     3
 Stab: Sleeping          |     4 |     8 |    10 |       ||    22
  Eat: Chunk             |       |    10 |    10 |     1 ||    21
       Ration            |       |     2 |     3 |       ||     5
Armor: Robe              |     3 |    62 |    34 |       ||    99
Dodge: Dodged            |     9 |   151 |    99 |     3 ||   262

Table legend:
 A = Non-vault XP
 B = Vault XP
 C = Vault XP percentage of total XP
 D = Non-vault monster count
 E = Vault monster count
 F = Vault count percentage of total count
                 A         B        C        D         E       F
            +---------+---------+-------+---------+---------+-------
      Total |    3732 |    1002 |  21.2 |     142 |      35 |  19.8
            +---------+---------+-------+---------+---------+-------
        D:1 |      33 |       0 |   0.0 |      16 |       0 |   0.0
        D:2 |     280 |      39 |  12.2 |      33 |      13 |  28.3
        D:3 |     127 |      35 |  21.6 |      21 |       1 |   4.5
        D:4 |     306 |      49 |  13.8 |      12 |       3 |  20.0
        D:5 |     101 |       0 |   0.0 |       8 |       0 |   0.0
        D:6 |    1200 |     376 |  23.9 |      20 |       1 |   4.8
        D:7 |    1533 |       0 |   0.0 |      27 |       0 |   0.0
        D:8 |     152 |     202 |  57.1 |       5 |       1 |  16.7
    Ossuary |       0 |     301 | 100.0 |       0 |      16 | 100.0
            +---------+---------+-------+---------+---------+-------
